AoeStats
← nisserman

Runestones

507131014Analyzed
1v1 RM · 17d ago on Sep 16, 2026· 34m 8s· 2 players
Game mode
Random Map
Map size
Tiny (2 player)
Population
200
Speed
Normal
Resources
Standard
Victory
Conquest
Starting age
Dark Age
Ending age
Imperial Age
RankedLock teamsTeams togetherTeam positionsShared explorationLock speedFull tech treeHidden civsTurbo modeCheats
Victory
Defeat
🇲🇽 Poles · Mexico
985
+15
🇺🇸 Lithuanians · United States
963
-15
nisserman
11:40 Feudal Age
12:35 Loom
18:13 Castle Age
16:18 Double-Bit Axe
17:58 Bloodlines
22:56 Wheelbarrow
22:53 Scale Barding Armor
28:20 Horse Collar
30:18 Bow Saw
dans_big
10:45 Feudal Age
13:08 Horse Collar
15:31 Double-Bit Axe
17:46 Wheelbarrow
20:26 Scale Mail Armor
22:43 Castle Age
21:22 Forging
21:32 Gold Mining
21:49 Stone Mining
23:25 Scale Barding Armor
24:03 Bloodlines
24:21 Bow Saw
24:29 Heavy Plow
24:10 Pikeman
26:09 Squires
31:11 Chain Mail Armor
Connection lost

Rejoining the realm…

Still unreachable

The connection could not be restored.

Session expired

The server has moved on; the page needs a fresh start.